AoeStats
← Aoe_Ly

Nomad

507409823Analyzed
4v4 RM · 15d ago on Sep 18, 2026· 33m 58s· 8 players
Game mode
Random Map
Map size
231×231
Population
200
Speed
Normal
Resources
Standard
Victory
Conquest
Starting age
Dark Age
Ending age
Imperial Age
RankedLock teamsTeams togetherTeam positionsShared explorationLock speedFull tech treeHidden civsTurbo modeCheats
Victory
Defeat
🇦🇷 Wu · Argentina
1093
+17
🇵🇪 Franks · Peru
1077
+17
🇦🇷 Italians · Argentina
1061
+18
🇵🇪 Portuguese · Peru
1043
+19
🇲🇽 Spanish · Mexico
1138
-19
🇺🇸 Japanese · United States
1108
-18
🇬🇧 Koreans · United Kingdom
1104
-18
🇺🇸 Maya · United States
1074
-16
Rey Albertito
4:22 Loom
11:46 Feudal Age
12:29 Double-Bit Axe
19:42 Castle Age
17:41 Fishing Lines
20:56 Bow Saw
23:09 Gillnets
25:51 Treadmill Crane
26:32 Ballistics
26:07 Horse Collar
29:46 Imperial Age
27:20 Town Watch
28:15 Wheelbarrow
28:30 Gold Mining
29:39 Squires
30:16 Thumb Ring
30:26 Fletching
29:59 Elite Skirmisher
32:12 Bodkin Arrow
32:18 Padded Archer Armor
33:33 Conscription
33:36 Leather Archer Armor
34:47 Chemistry
33:55 Arson
Aoe_Ly
12:22 Loom
14:41 Feudal Age
15:19 Double-Bit Axe
15:56 Town Watch
19:35 Scale Barding Armor
22:21 Castle Age
33:40 Bow Saw
34:40 Wheelbarrow
C4BR4
10:03 Loom
12:49 Feudal Age
13:15 Double-Bit Axe
15:56 Wheelbarrow
18:57 Castle Age
17:10 Fishing Lines
19:53 Bow Saw
20:55 Stone Mining
21:10 Gold Mining
21:44 Hand Cart
25:43 Horse Collar
26:19 Scale Mail Armor
26:30 Forging
26:33 Squires
27:41 Chain Mail Armor
27:51 Town Watch
28:43 Iron Casting
28:35 Heavy Plow
36:31 Imperial Age
Crissss
15:26 Feudal Age
13:42 Loom
18:08 Double-Bit Axe
20:43 Castle Age
19:03 Gold Mining
19:28 Stone Mining
20:52 Horse Collar
26:10 Imperial Age
31:07 Chemistry
34:04 Conscription
DoomedOyster
6:17 Loom
15:55 Feudal Age
17:38 Double-Bit Axe
21:48 Castle Age
20:32 Gold Mining
21:06 Fletching
22:54 Bodkin Arrow
22:46 Crossbowman
31:37 Wheelbarrow
31:04 Horse Collar
Sgt. Shaftoe
13:54 Feudal Age
15:29 Loom
19:04 Castle Age
17:28 Stone Mining
20:06 Medium Warships
19:36 Man-at-Arms
23:35 Fletching
29:48 Double-Bit Axe
31:20 Gambesons
31:16 Man-at-Arms
31:44 Fishing Lines
32:46 Scale Mail Armor
33:08 Gillnets
33:16 Long Swordsman
ferroequus
4:27 Loom
MadKitten 77
15:14 Feudal Age
19:41 Castle Age
19:54 Double-Bit Axe
19:52 Horse Collar
20:49 Wheelbarrow
32:55 Bow Saw
32:48 Heavy Plow
33:06 Hand Cart
Connection lost

Rejoining the realm…

Still unreachable

The connection could not be restored.

Session expired

The server has moved on; the page needs a fresh start.